 Dungeon Crawl Stone Soup version 0.23-a0-419-g0174fd80c1 (webtiles) character file.

46 LostNumber the Insei (level 3, 0/18 HPs)
             Began as a Vine Stalker Transmuter on Nov 14, 2018.
             Succumbed to an adder's poison
             ... on level 2 of the Dungeon.
             The game lasted 00:02:50 (1208 turns).

LostNumber the Insei (Vine Stalker Transmuter)      Turns: 1208, Time: 00:02:51

Health: 0/18       AC:  2    Str: 13    XL:     3   Next: 66%
Magic:  2/7        EV: 12    Int: 13    God:
Gold:   57         SH:  0    Dex: 14    Spells: 3/6 levels left

rFire    . . .     SeeInvis .     - Unarmed
rCold    . . .     Gourm    .   (no shield)
rNeg     . . .     Faith    .   b - +0 robe
rPois    .         Spirit   +   (no helmet)
rElec    .         Reflect  .   (no cloak)
rCorr    .         Harm     .   (no gloves)
MR       .....                  (no boots)
Stlth    +.........             (no amulet)
HPRegen  0.06/turn              (no ring)
MPRegen  0.10/turn              (no ring)

@: lethally poisoned (0 -> -7)
A: fangs 2, magic shield, antimagic bite, no potion heal 3, rot immunity
a: no special abilities


You were on level 2 of the Dungeon.
You were near starving.

You visited 1 branch of the dungeon, and saw 2 of its levels.

You collected 57 gold pieces.

Inventory:

Missiles
 a - 8 arrows
Armour
 b - a +0 robe (worn)
Scrolls
 e - a scroll of teleportation {unknown}
 g - a scroll of amnesia {unknown}
 h - a scroll of magic mapping {unknown}
 i - a scroll of identify {unknown}
 k - a scroll of enchant weapon {unknown}
Potions
 f - a potion of agility
Comestibles
 d - 3 rations


   Skills:
 + Level 1.6 Fighting
 + Level 2.1 Dodging
 * Level 3.8 Unarmed Combat
 - Level 2.1 Spellcasting
 - Level 2.0 Transmutations


You had 3 spell levels left.
You knew the following spells:

 Your Spells              Type           Power        Failure   Level  Hunger
a - Beastly Appendage     Tmut           #.....       11%         1    ##.....
b - Sticks to Snakes      Tmut           #.......     17%         2    ###....

Your spell library contained the following spells:

 Spells                   Type           Power        Failure   Level  Hunger
 Spider Form              Tmut/Pois      #.........   45%         3    ####...
 Ice Form                 Ice/Tmut       #.......     86%         4    #####..
 Blade Hands              Tmut           #.........   97%         5    ######.


Dungeon Overview and Level Annotations

Branches:
Dungeon (2/15)

Altars:
Ashenzari


Innate Abilities, Weirdness & Mutations

You have extremely sharp teeth.
When hurt, damage is shared between your health and your magic reserves.
Your bite disrupts and absorbs the magic of your enemies.
Potions cannot restore your health.
You are immune to rotting.


Message History

You barely miss the adder. Your kick misses the adder. You bite the adder.
You kill the adder!
* * * LOW HITPOINT WARNING * * *
You feel sick. The goblin misses you.
Your ball python barely misses the goblin.
Your ball python closely misses the goblin.
Unknown command.
You closely miss the goblin. Your kick misses the goblin.
Your bite misses the goblin. The goblin closely misses you.
Your ball python bites the goblin.
Your ball python grabs the goblin.
Your ball python constricts the goblin.
You hit the goblin.
The goblin is severely wounded.
The goblin hits you.
* * * LOW HITPOINT WARNING * * *
Your ball python bites the goblin.
The goblin dies!
A hobgoblin comes into view. It is wielding a +0 club.
Your talons disappear.
You die...

### ..######
#...... #
#.....##.#
#...#...g.
#.....#
#.#.#S@.#
......)†§#
##.#.###.PP§..#
# ..P§§..#
###§P§§## .§.P#
#####


You could see a hobgoblin (sleeping) and a friendly ball python.

Vanquished Creatures
  An adder (D:2)
  An ooze (D:1)
  3 dart slugs (D:1)
  2 leopard geckos (D:1)
  A ball python (D:1)
  4 giant cockroaches
  5 goblins
  A hobgoblin (D:1)
  4 kobolds (D:1)
22 creatures vanquished.

Vanquished Creatures (collateral kills)
  A goblin (D:2)
1 creature vanquished.

Grand Total: 23 creatures vanquished

Notes
Turn   | Place    | Note
-------+----------+-------------------------------------------
     0 | D:1      | LostNumber the Vine Stalker Transmuter began the quest for
                  | the Orb.
     0 | D:1      | Reached XP level 1. HP: 9/9 MP: 4/4
     8 | D:1      | Reached skill level 1 in Fighting
    68 | D:1      | Reached XP level 2. HP: 11/14 MP: 4/6
   310 | D:1      | Reached XP level 3. HP: 15/18 MP: 5/7
   428 | D:1      | Found a shattered altar of Ashenzari.
   888 | D:2      | Learned a level 2 spell: Sticks to Snakes
  1208 | D:2      | Succumbed to an adder's poison

Vault maps used:
D:1:      tarquinn_simple_flora_water_e, evilmike_ruin_ashenzari
D:2:      serial_undead, serial_undead_d, serial_undead_b, serial_undead_c,
          serial_undead_f

Skill      XL: |  1  2  3 |
---------------+----------+-----
Fighting       | 1 |  1.6
Dodging        | 2 |  2.1
Unarmed Combat | |  3.8
Spellcasting   | |  2.1
Transmutations | |  2.0

Action                   || total
-------------------------++-------
Melee: Unarmed           ||    75
       Kick              ||     5
       Bite              ||    13
       Headbutt          ||     3
 Cast: Beastly Appendage ||    15
       Sticks to Snakes  ||     4
  Use: Potion            ||     3
 Stab: Sleeping          ||     2
Armor: Robe              ||     9
Dodge: Dodged            ||    49

Table legend:
 A = Non-vault XP
 B = Vault XP
 C = Vault XP percentage of total XP
 D = Non-vault monster count
 E = Vault monster count
 F = Vault count percentage of total count
                 A         B        C        D         E       F
            +---------+---------+-------+---------+---------+-------
      Total |      66 |       0 |   0.0 |      23 |       0 |   0.0
            +---------+---------+-------+---------+---------+-------
        D:1 |      49 |       0 |   0.0 |      19 |       0 |   0.0
        D:2 |      17 |       0 |   0.0 |       4 |       0 |   0.0
            +---------+---------+-------+---------+---------+-------
